 Dungeon Crawl Stone Soup version 0.23.0-3-gf3c87f2 (webtiles) character file.

Game seed: 3919397733003164648

4755 Folque the Geomancer (level 10, -6/73 HPs)
             Began as a Green Draconian Earth Elementalist on Feb 20, 2019.
             Was an Initiate of Ashenzari.
             Mangled by an orc warrior
             ... wielding a +0 halberd
              (15 damage)
             ... in a bailey.
             The game lasted 00:44:39 (7974 turns).

Folque the Geomancer (DrEE)                         Turns: 7974, Time: 00:44:40

Health: -6/73      AC:  9    Str: 10    XL:     10   Next: 23%
Magic:  5/20       EV: 17    Int: 18    God:    Ashenzari [......]
Gold:   389        SH:  0    Dex: 13    Spells: 4/22 levels left

rFire    . . .     SeeInvis .   a - +5 short sword
rCold    . . .     Gourm    .   (no shield)
rNeg     . . .     Faith    .   (armour unavailable)
rPois    +         Spirit   .   (helmet restricted)
rElec    .         Reflect  .   A - +0 cloak
rCorr    .         Harm     .   (no gloves)
MR       .....                  o - +0 pair of boots (curse)
Stlth    ++........             (no amulet)
HPRegen  0.22/turn              r - ring of wizardry (curse)
MPRegen  0.17/turn              z - +4 ring of evasion

@: very slow
A: breathe noxious fumes, unfitting armour, poison resistance, cold-blooded, AC
+7
a: Breathe Noxious Fumes, Curse Item, Renounce Religion


You were in a bailey.
You worshipped Ashenzari.
Ashenzari was noncommittal.
You were hungry.

You visited 2 branches of the dungeon, and saw 8 of its levels.
You also visited: Bailey.

You collected 389 gold pieces.

Inventory:

Hand Weapons
 a - a +5 short sword (weapon)
 e - a +0 whip
 h - a +0 dagger
 p - a +0 hunting sling
 w - a +0 blowgun
 y - a +1 spear of piercing
 E - a +0 club
Missiles
 b - 202 stones (quivered)
 x - 39 poisoned needles
Armour
 o - a cursed +0 pair of boots (worn)
 A - a +0 cloak (worn)
Jewellery
 q - an uncursed ring of positive energy
 r - a cursed ring of wizardry (left hand)
 z - a +4 ring of evasion (right hand)
 F - a +6 ring of protection
Wands
 u - a wand of iceblast (5)
 J - a wand of random effects (22)
Scrolls
 g - a scroll of silence {unknown}
 n - a scroll of enchant armour {unknown}
 s - a scroll of enchant weapon
 t - 5 scrolls of fear
 B - a scroll of identify
 C - a scroll of teleportation
Potions
 d - 2 potions of degeneration {unknown}
 f - 3 potions of resistance {unknown}
 i - a potion of haste
 j - 2 potions of ambrosia {unknown}
 k - 6 potions of curing
 l - 2 potions of lignification {unknown}
 m - a potion of agility
 v - a potion of might {unknown}
 D - a potion of magic {unknown}
 H - a potion of heal wounds {unknown}
Comestibles
 c - 12 rations
 G - 8 chunks of flesh


   Skills:
 - Level 2.1 Fighting
 - Level 4.0 Short Blades
 * Level 3.7 Dodging
 - Level 5.2 Stealth
 + Level 6.7 Spellcasting
 + Level 5.8 Conjurations
 - Level 3.0 Transmutations
 * Level 9.0 Earth Magic


You had 4 spell levels left.
You knew the following spells:

 Your Spells              Type           Power        Failure   Level  Hunger
a - Sandblast             Erth           #####.       1%          1    None
b - Passwall              Tmut/Erth      ####....     1%          2    None
c - Stone Arrow           Conj/Erth      ####..       1%          3    ##.....
d - Lee's Rapid Deconstr  Erth           #####.....   3%          5    #####..
e - Petrify               Tmut/Erth      ####....     4%          4    ####...
f - Conjure Flame         Conj/Fire      ###.....     4%          3    ##.....

Your spell library contained the following spells:

 Spells                   Type           Power        Failure   Level  Hunger
 Magic Dart               Conj           ####         1%          1    None
 Mephitic Cloud           Conj/Pois/Air  ##......     6%          3    ##.....
 Blink                    Tloc           N/A          7%          2    None
 Call Imp                 Summ           #.......     7%          2    None
 Slow                     Hex            #.......     7%          2    None


Dungeon Overview and Level Annotations

Branches:
Dungeon (7/15)             Temple (1/1) D:7

Altars:
Ashenzari
Cheibriados
Dithmenos
Elyvilon
Fedhas
Hepliaklqana
Kikubaaqudgha
Makhleb
Nemelex Xobeh
Okawaru
Trog
Uskayaw
Vehumet
Xom
Yredelemnul
Zin
The Shining One

Shops:
D:5 =?=?(   D:7 :


Innate Abilities, Weirdness & Mutations

You can breathe blasts of noxious fumes.
Your lurid green scales are hard. (AC +7)
You cannot fit into any form of body armour.
Your system is resistant to poisons. (rPois)
You are cold-blooded and may be slowed by cold attacks.


Message History

The helpless orc warrior fails to defend itself.
You impale the orc warrior!!
You tail-slap the orc warrior, but do no damage.
The orc warrior is heavily wounded.
Your unstable footing causes you to fumble your attack.
Your unstable footing causes you to fumble your attack.
The helpless orc warrior fails to defend itself.
You impale the orc warrior!!
You tail-slap the orc warrior, but do no damage.
The orc warrior is almost dead.
Your unstable footing causes you to fumble your attack.
Your unstable footing causes you to fumble your attack.
Your unstable footing causes you to fumble your attack.
The orc warrior is no longer petrified.
The orc warrior hits you with a +0 halberd!
* * * LOW HITPOINT WARNING * * *
The orc warrior hits you from afar with a +0 halberd!
* * * LOW HITPOINT WARNING * * *
The orc warrior hits you from afar with a +0 halberd!
You die...

.....≈≈≈≈≈≈≈ ##≈≈#'''##≈≈≈≈≈≈≈≈≈≈
.....≈≈≈≈≈≈≈ #≈≈##o)∩##≈≈##≈≈≈≈≈≈
.....≈≈≈≈≈≈≈ #≈####o####≈##≈≈≈≈≈≈
....(≈≈≈≈≈≈≈ #≈')#oo.#.'≈##≈≈≈≈≈≈
.....≈≈≈≈≈≈≈ #)###._.###≈##≈≈≈≈≈≈
.....≈≈≈≈≈≈≈ #≈'.#?.[#.'≈##≈≈≈≈≈≈
.....≈≈≈≈≈≈≈ #o#########≈##≈≈≈≈≈≈
.....≈≈≈≈≈≈≈ #≈≈##)#)##≈≈#≈≈≈≈≈≈≈
.....≈≈≈≈≈≈≈ ##≈@#'#'#≈≈##≈≈≈≈≈≈≈
.....≈≈≈≈≈≈≈ ##≈≈≈)≈≈≈##≈≈≈≈≈≈≈≈
.....≈≈≈≈≈≈≈≈≈≈#########≈≈≈≈≈≈≈≈≈
.....≈≈#.#≈≈≈≈≈≈≈≈###≈≈≈≈≈≈≈≈#.#≈
.....≈##.∩#≈≈≈≈≈≈≈≈≈≈≈≈≈≈≈≈≈#∩.##
.....≈..^))≈≈≈≈≈≈≈≈≈≈≈≈≈≈≈≈≈..^.)
.....≈##.##≈≈≈≈≈≈≈≈≈≈≈≈≈≈≈≈≈##)##
.....≈≈#.#≈≈≈≈≈≈≈≈≈≈≈≈≈≈≈≈≈≈≈#)#≈
.....≈≈≈≈≈≈≈≈≈≈≈≈≈≈≈≈≈≈≈≈≈≈≈≈≈≈≈≈


You could see an orc warrior.

Vanquished Creatures
  Pikel (D:7)
  An orc knight (Bailey)
  Eustachio (D:5)
  Edmund (D:4)
  An ice beast (D:5)
  12 orc warriors
  A black bear (D:6)
  4 phantoms
  2 sky beasts (D:5)
  2 ogres
  A bullfrog (D:6)
  A gnoll sergeant (D:5)
  A howler monkey (D:4)
  9 wights
  2 crimson imps
  A gnoll shaman (D:7)
  A jelly (D:5)
  3 hounds
  2 orc wizards
  3 orc priests
  A centaur skeleton (D:5)
  Jessica (D:3)
  An iguana (D:6)
  5 worker ants
  A killer bee zombie (D:6)
  16 gnolls
  A howler monkey skeleton (D:4)
  12 adders
  A shadow imp (D:6)
  An ooze (D:6)
  3 worms
  2 dart slugs (D:1)
  3 leopard geckos
  39 orcs
  8 giant cockroaches
  12 goblins
  5 hobgoblins
  19 jackals
  2 quokkas
  2 ball pythons (D:2)
  7 bats
  3 frilled lizards
  9 kobolds
  9 rats
213 creatures vanquished.

Vanquished Creatures (others)
  A hippogriff (D:7)
  An ice beast (D:7)
  2 slaves (D:7)
  A bullfrog (D:7)
  An orc (D:7)
  A quokka (D:7)
7 creatures vanquished.

Grand Total: 220 creatures vanquished

Notes
Turn   | Place    | Note
-------+----------+-------------------------------------------
     0 | D:1      | Folque the Draconian Earth Elementalist began the quest for
                  | the Orb.
     0 | D:1      | Reached XP level 1. HP: 14/14 MP: 3/3
   130 | D:1      | Reached skill level 1 in Fighting
   130 | D:1      | Reached XP level 2. HP: 16/23 MP: 5/5
   318 | D:1      | Learned a level 2 spell: Passwall
   526 | D:1      | Reached XP level 3. HP: 28/28 MP: 3/6
   551 | D:1      | Learned a level 3 spell: Stone Arrow
  1200 | D:2      | Noticed a hungry ghost
  1200 | D:2      | Noticed a hungry ghost
  1275 | D:2      | Found a hazy altar of Hepliaklqana.
  1371 | D:2      | Found a blossoming altar of Fedhas.
  1603 | D:2      | Reached XP level 4. HP: 21/36 MP: 4/8
  2063 | D:3      | Reached skill level 4 in Earth Magic
  2133 | D:3      | Found an iron altar of Okawaru.
  2148 | D:3      | Reached skill level 1 in Conjurations
  2324 | D:3      | Reached XP level 5. HP: 30/41 MP: 4/9
  2422 | D:3      | Noticed Jessica
  2429 | D:3      | Killed Jessica
  2723 | D:3      | Learned a level 5 spell: Lee's Rapid Deconstruction
  2941 | D:3      | Found a burning altar of Makhleb.
  2942 | D:3      | Found a radiant altar of Vehumet.
  2949 | D:3      | Reached XP level 6. HP: 40/48 MP: 7/11
  3455 | D:4      | Reached skill level 5 in Earth Magic
  3463 | D:4      | Noticed Edmund
  3948 | D:4      | Your scales start taking on a lurid green colour.
  3948 | D:4      | Reached XP level 7. HP: 55/55 MP: 0/14
  3948 | D:4      | Gained mutation: Your system is resistant to poisons.
                  | (rPois) [Green Draconian growth]
  3954 | D:4      | Learned a level 4 spell: Petrify
  4099 | D:4      | Killed Edmund
  4099 | D:4      | Reached skill level 1 in Short Blades
  4284 | D:5      | Entered Level 5 of the Dungeon
  4414 | D:5      | Found Viazil's Magic Scroll Shop.
  4415 | D:5      | Found Nouseudgh's Jewellery Emporium.
  4460 | D:5      | Found a sparkling altar of Nemelex Xobeh.
  4517 | D:5      | Found Erytrean's Jewellery Boutique.
  4565 | D:5      | Reached XP level 8. HP: 56/61 MP: 1/15
  4679 | D:5      | Reached skill level 6 in Earth Magic
  4913 | D:5      | Noticed Eustachio
  4920 | D:5      | Killed Eustachio
  5099 | D:5      | Found Noptoabb's Magic Scroll Shop.
  5312 | D:5      | Found Wamupryi's Antique Weapon Boutique.
  5707 | D:6      | Reached skill level 5 in Spellcasting
  5707 | D:6      | Reached skill level 7 in Earth Magic
  5756 | D:6      | Reached XP level 9. HP: 56/67 MP: 0/16
  6162 | D:6      | Found a shattered altar of Ashenzari.
  6711 | D:7      | Noticed Pikel
  6723 | D:7      | Killed Pikel
  6723 | D:7      | Reached skill level 5 in Stealth
  6765 | D:7      | Found a basalt altar of Yredelemnul.
  6789 | D:7      | Reached skill level 8 in Earth Magic
  6792 | D:7      | Reached skill level 5 in Conjurations
  6833 | D:7      | Found Taruy's Book Boutique.
  7027 | D:7      | Found a staircase to the Ecumenical Temple.
  7093 | Temple   | Entered the Ecumenical Temple
  7304 | D:6      | Became a worshipper of Ashenzari the Shackled
  7381 | D:7      | Found a flagged portal.
  7390 | Bailey   | Entered a bailey
  7411 | Bailey   | Learned a level 3 spell: Conjure Flame
  7642 | Bailey   | Reached XP level 10. HP: 73/73 MP: 6/19
  7904 | Bailey   | Found a roughly hewn altar of Beogh.
  7904 | Bailey   | Noticed an orc knight
  7942 | Bailey   | Killed an orc knight
  7942 | Bailey   | Reached skill level 9 in Earth Magic
  7974 | Bailey   | Mangled by an orc warrior

Skill      XL: |  1  2  3  4  5  6  7  8  9 10 |
---------------+-------------------------------+-----
Fighting       | 1 2 |  2.1
Spellcasting   | 3 4 5 6 |  6.7
Earth Magic    | 4 5 7 8 9 |  9.0
Conjurations   | 1 2 3 4 5 |  5.8
Dodging        | 2 3 |  3.7
Short Blades   | 3 4 |  4.0
Stealth        | 3 4 5 |  5.2
Transmutations | 3 |  3.0

Action                   |  1- 3 |  4- 6 |  7- 9 | 10-12 || total
-------------------------+-------+-------+-------+-------++-------
Melee: Unarmed           |     8 |       |       |       ||     8
       Whip              |   153 |    59 |       |       ||   212
       Tailslap          |    18 |    13 |    19 |     5 ||    55
       Spear             |       |    89 |     1 |       ||    90
       Short sword       |       |       |   164 |    23 ||   187
 Cast: Sandblast         |    19 |    47 |    36 |     2 ||   104
       Stone Arrow       |     5 |    21 |    54 |     1 ||    81
       Lee's Rapid Decon |       |     2 |    21 |     6 ||    29
       Passwall          |       |     1 |     2 |       ||     3
       Petrify           |       |       |    13 |     8 ||    21
Invok: Curse Item        |       |       |     2 |       ||     2
 Abil: Breathe Noxious F |       |       |     2 |     1 ||     3
  Use: Scroll            |     1 |     3 |     7 |       ||    11
       Potion            |       |     1 |       |       ||     1
 Stab: Sleeping          |     5 |     4 |     2 |     2 ||    13
       Distracted        |       |     1 |       |       ||     1
       Petrified         |       |       |    41 |    14 ||    55
       Confused          |       |       |     1 |       ||     1
  Eat: Chunk             |     3 |     8 |    17 |       ||    28
       Ration            |       |     1 |     2 |     1 ||     4
Armor: Skin              |    55 |    52 |    69 |     1 ||   177
Dodge: Dodged            |   122 |   110 |    94 |    12 ||   338
